 Dungeon Crawl Stone Soup version 0.29-a0-80-g3050e97935 (webtiles) character file.

Game seed: 3638675250703296513

750 Gargoyl the Skirmisher (level 7, -1/60 HPs)
             Began as a Gnoll Abyssal Knight on Feb 4, 2022.
             Was a Priest of Lugonu.
             Succumbed to a gnoll sergeant's poison
             ... on level 5 of the Dungeon.
             The game lasted 00:07:13 (4900 turns).

Gargoyl the Skirmisher (Gnoll Abyssal Knight)       Turns: 4900, Time: 00:07:13

Health: -1/60      AC: 13    Str: 14    XL:     7   Next: 78%
Magic:  10/11      EV:  7    Int: 10    God:    Lugonu [***...]
Gold:   116        SH:  0    Dex: 12    Spells: 11/11 levels left

rFire   + . .      SeeInvis +   a - +2 hand axe (chaos)
rCold   + . .      Faith    .   (no shield)
rNeg    . . .      Spirit   .   b - +0 chain mail
rPois   +          Reflect  .   (no helmet)
rElec   +          Harm     .   (no cloak)
rCorr   +          Rampage  .   k - +0 pair of gloves
Will    .....                   h - +1 pair of boots
Stlth   ..........              (no amulet)
HPRegen 0.20/turn               j - ring of flight
MPRegen 0.12/turn               l - ring of see invisible

@: lethally poisoned (-1 -> -10), resistant, flying
A: fangs 1, strong nose, distributed training
a: Renounce Religion, Depart the Abyss, Bend Space, Banish


You were on level 5 of the Dungeon.
You worshipped Lugonu.
Lugonu was most pleased with you.
You visited 1 branch of the dungeon, and saw 5 of its levels.
You visited the Abyss 1 time.

You collected 116 gold pieces.

Inventory:

Hand Weapons
 a - a +2 hand axe of chaos (weapon)
 m - a +0 war axe
Missiles
 i - 4 poisoned darts (quivered)
Armour
 b - a +0 chain mail (worn)
 h - a +1 pair of boots (worn)
 k - a +0 pair of gloves (worn)
Jewellery
 j - a ring of flight (left hand)
 l - a ring of see invisible (right hand)
Wands
 d - a wand of mindburst (11)
Scrolls
 c - a scroll of enchant weapon
 o - 2 scrolls of teleportation
Potions
 e - a potion of cancellation
 f - 2 potions of brilliance
 g - 3 potions of flight


   Skills:
 + Level 7.1 Fighting
 + Level 2.7 Short Blades
 + Level 2.7 Long Blades
 + Level 5.3 Axes
 + Level 2.7 Maces & Flails
 + Level 2.7 Polearms
 + Level 2.7 Staves
 + Level 2.7 Slings
 + Level 2.7 Bows
 + Level 2.7 Crossbows
 + Level 2.7 Throwing
 + Level 5.3 Armour
 + Level 3.8 Dodging
 + Level 2.7 Stealth
 + Level 2.7 Shields
 + Level 2.7 Unarmed Combat
 + Level 2.7 Spellcasting
 + Level 2.2 Conjurations
 + Level 2.2 Hexes
 + Level 2.2 Summonings
 + Level 2.2 Necromancy
 + Level 2.2 Translocations
 + Level 2.2 Transmutations
 + Level 2.2 Fire Magic
 + Level 2.2 Ice Magic
 + Level 2.2 Air Magic
 + Level 2.2 Earth Magic
 + Level 2.2 Poison Magic
 + Level 5.5 Invocations
 + Level 2.7 Evocations


You had 11 spell levels left.
You didn't know any spells.
Your spell library contained the following spells:

 Spells                   Type           Power      Damage    Failure   Level
 Ignite Poison            Fire/Tmut/Pois 5%         N/A       100%        3
 Mephitic Cloud           Conj/Pois/Air  5%         N/A       100%        3
 Freezing Cloud           Conj/Ice/Air   2%         6-21      100%        5


Dungeon Overview and Level Annotations

Branches:
Dungeon (5/15)
 Temple: D:4-7

Altars:
Cheibriados
Zin

Shops:
D:1 =[([


Innate Abilities, Weirdness & Mutations

You have very sharp teeth.
Your uncanny sense of smell can sniff out nearby items.
Your experience applies equally to all skills.


Message History

The gnoll hits you but does no damage. The gnoll barely misses you.
The gnoll sergeant hits you but does no damage.
You are more poisoned.
The adder bites you but does no damage. The gnoll hits you with a +0 spear.
You hit the gnoll sergeant but do no damage.
You hit the gnoll. You freeze the gnoll. You hit the adder. You hit the gnoll.
You burn the gnoll. You hit the gnoll. You freeze the gnoll.
You kill the gnoll!
Lugonu accepts your kill.
You feel very sick. The gnoll hits you with a +0 whip.
The gnoll closely misses you.
The gnoll sergeant hits you but does no damage.
You are lethally poisoned!
The adder bites you but does no damage. Space bends sharply around you!
The gnoll blinks! x2; You blink.
You feel extremely sick. The gnoll hits you but does no damage.
* * * LOW HITPOINT WARNING * * *
You feel very sick. The gnoll hits you with a +0 whip.
* * * LOW HITPOINT WARNING * * *
* * * LOW HITPOINT WARNING * * *
You feel very sick.
It was a potion of resistance.
You feel protected.
* * * LOW HITPOINT WARNING * * *
You feel very sick. The gnoll hits you but does no damage.
Unknown command.
You hit the gnoll.
You kill the gnoll!
Lugonu accepts your kill.
* * * LOW HITPOINT WARNING * * *
You feel very sick. The adder bites you.
* * * LOW HITPOINT WARNING * * *
You barely miss the adder.
The adder is heavily wounded.
You closely miss the gnoll.
You die...

#.....#......#
#####+##...<.#
#......#.....#
#......#'##########
#.................#
#.................#
#.................#
#...........(.....#
####............@....#
....##########'#Sg...#
....#..........#.....#
....#..........#.....#
....#..........#gg...#
...##########..#.....#
..## ##.#)....# .##
###.....# ## #.....#


You could see a gnoll sergeant, 2 gnolls and an adder.

Vanquished Creatures
  2 sky beasts (D:5)
  A scorpion (D:4)
  A hound (D:5)
  3 orc priests (D:4)
  2 bullfrog skeletons
  Ijyb (D:3)
  An iguana (D:4)
  2 orc wizards
  2 hound skeletons (D:4)
  2 gnolls (D:5)
  7 adders
  An adder skeleton (D:4)
  3 worms (D:4)
  A dart slug (D:1)
  13 orcs
  7 endoplasms
  9 giant cockroaches
  6 goblins
  7 hobgoblins
  4 jackals
  3 quokkas
  12 ball pythons
  7 bats
  3 frilled lizards
  9 kobolds
  A quokka skeleton (D:4)
  8 rats
118 creatures vanquished.

Vanquished Creatures (others)
  A plant (D:1)
1 creature vanquished.

Grand Total: 119 creatures vanquished

Notes
Turn   | Place    | Note
-------+----------+-------------------------------------------
     0 | Abyss:1  | Gargoyl the Gnoll Abyssal Knight began the quest for the
                  | Orb.
     0 | Abyss:1  | Reached XP level 1. HP: 23/23 MP: 3/3
     0 | D:1      | Escaped the Abyss
    50 | D:1      | Reached XP level 2. HP: 22/29 MP: 5/5
   149 | D:1      | Found a faded altar of an unknown god.
   157 | D:1      | You fall into a shaft and drop 1 floor!
   211 | D:2      | Reached * piety under Lugonu
   304 | D:2      | Reached XP level 3. HP: 23/35 MP: 6/6
   548 | D:2      | Reached skill level 1 in Short Blades
   548 | D:2      | Reached skill level 1 in Long Blades
   548 | D:2      | Reached skill level 1 in Maces & Flails
   548 | D:2      | Reached skill level 1 in Polearms
   548 | D:2      | Reached skill level 1 in Staves
   548 | D:2      | Reached skill level 1 in Slings
   548 | D:2      | Reached skill level 1 in Bows
   548 | D:2      | Reached skill level 1 in Crossbows
   548 | D:2      | Reached skill level 1 in Throwing
   548 | D:2      | Reached skill level 1 in Stealth
   548 | D:2      | Reached skill level 1 in Shields
   548 | D:2      | Reached skill level 1 in Unarmed Combat
   548 | D:2      | Reached skill level 1 in Spellcasting
   548 | D:2      | Reached skill level 1 in Evocations
   641 | D:2      | Reached XP level 4. HP: 13/41 MP: 7/7
   975 | D:1      | Found Nitiqar's Antique Weapon Shoppe.
  1001 | D:1      | Found Ashru's Armour Shop.
  1076 | D:1      | Found Beogao's Antique Armour Emporium.
  1118 | D:1      | Found Ucifad's Jewellery Emporium.
  1422 | D:2      | Reached ** piety under Lugonu
  1593 | D:2      | Reached skill level 1 in Conjurations
  1593 | D:2      | Reached skill level 1 in Hexes
  1593 | D:2      | Reached skill level 1 in Summonings
  1593 | D:2      | Reached skill level 1 in Necromancy
  1593 | D:2      | Reached skill level 1 in Translocations
  1593 | D:2      | Reached skill level 1 in Transmutations
  1593 | D:2      | Reached skill level 1 in Fire Magic
  1593 | D:2      | Reached skill level 1 in Ice Magic
  1593 | D:2      | Reached skill level 1 in Air Magic
  1593 | D:2      | Reached skill level 1 in Earth Magic
  1593 | D:2      | Reached skill level 1 in Poison Magic
  2482 | D:3      | Reached XP level 5. HP: 47/47 MP: 8/8
  2534 | D:3      | Noticed Ijyb
  3149 | D:4      | Reached skill level 5 in Invocations
  3173 | D:4      | Reached XP level 6. HP: 51/53 MP: 9/9
  3332 | D:4      | Reached skill level 5 in Axes
  3332 | D:4      | Reached skill level 5 in Armour
  3557 | D:4      | Reached *** piety under Lugonu
  3766 | D:3      | Found a snail-covered altar of Cheibriados.
  3766 | D:3      | Found a glowing silver altar of Zin.
  3882 | D:3      | Killed Ijyb
  4189 | D:4      | Reached XP level 7. HP: 52/59 MP: 10/10
  4538 | D:5      | Entered Level 5 of the Dungeon
  4545 | D:5      | Reached skill level 7 in Fighting
  4899 | D:5      | HP: 1/60 [adder (3)]
  4900 | D:5      | Succumbed to a gnoll sergeant's poison

Illustrated notes

Levels and vault maps discovered:
D:1:      tarquinn_simple_flora_water_d, layout_rooms, serial_shops, shop,
          nicolae_shop_hallway_stairs, nicolae_shop_overgrown_old_shop,
          nicolae_shop_advertising_works [nicolae_subvault_shop_adworks],
          ebering_ecumenical_altar_webs, serial_park_tiny_pond
D:2:      layout_loops_ring
D:3:      wander_river, layout_loops_ring, gammafunk_temple_overflow_pools,
          uniq_ijyb
D:4:      minmay_inner_zag, layout_loops_ring, gup_sewer_entry_spiral
D:5:      kennysheep_big_flooded_room, layout_gridville,
          nicolae_ru_great_annihilating_truth, minmay_misc_feat_rugged

Skill      XL: |  1  2  3  4  5  6  7 |
---------------+----------------------+-----
Short Blades   | 1 2 |  2.7
Long Blades    | 1 2 |  2.7
Maces & Flails | 1 2 |  2.7
Polearms       | 1 2 |  2.7
Staves         | 1 2 |  2.7
Slings         | 1 2 |  2.7
Bows           | 1 2 |  2.7
Crossbows      | 1 2 |  2.7
Throwing       | 1 2 |  2.7
Stealth        | 1 2 |  2.7
Shields        | 1 2 |  2.7
Unarmed Combat | 1 2 |  2.7
Spellcasting   | 1 2 |  2.7
Evocations     | 1 2 |  2.7
Conjurations   | 1 2 |  2.2
Hexes          | 1 2 |  2.2
Summonings     | 1 2 |  2.2
Necromancy     | 1 2 |  2.2
Translocations | 1 2 |  2.2
Transmutations | 1 2 |  2.2
Fire Magic     | 1 2 |  2.2
Ice Magic      | 1 2 |  2.2
Air Magic      | 1 2 |  2.2
Earth Magic    | 1 2 |  2.2
Poison Magic   | 1 2 |  2.2
Dodging        | 3 |  3.8
Invocations    | 5 |  5.5
Axes           | 5 |  5.3
Armour         | 5 |  5.3
Fighting       | 7 |  7.1

Action                   |  1- 3 |  4- 6 |  7- 9 || total
-------------------------+-------+-------+-------++-------
Melee: Hand axe          |    77 |   248 |    48 ||   373
       Bite              |     5 |    24 |     3 ||    32
       Punch             |     2 |     3 |     1 ||     6
Invok: Depart the Abyss  |     1 |       |       ||     1
       Bend Space        |       |     1 |     1 ||     2
  Use: Scroll            |       |     7 |     4 ||    11
       Potion            |       |     2 |     1 ||     3
 Stab: Paralysed         |       |     3 |     1 ||     4
       Petrified         |       |     1 |       ||     1
Armor: Leather armour    |    30 |    16 |       ||    46
       Ring mail         |       |    21 |       ||    21
       Chain mail        |       |    63 |    42 ||   105
Dodge: Dodged            |    73 |    92 |    11 ||   176

Table legend: (Time is in decaauts)
 A = Elapsed time spent in this place.
 B = Non-inter-level travel time spent in this place.
 C = Inter-level travel time spent in this place.
 D = Time resting spent in this place.
 E = Time spent auto-exploring this place.
 F = Levels seen in this place.
 G = Mean time per level.
                   A        B        C        D        E       F      G
               +--------+--------+--------+--------+--------+-----+--------+
         Total |   4991 |   4898 |     93 |    415 |   3376 |   6 |  831.8 |
       Dungeon |   4991 |   4898 |     93 |    415 |   3376 |   5 |  998.2 |
         Abyss |      0 |      0 |      0 |      0 |      0 |   1 |    0.0 |
               +--------+--------+--------+--------+--------+-----+--------+

Top non-repeatable levels by time:
     D:4: 1705 daAuts
     D:2: 1386 daAuts
     D:3: 850 daAuts
     D:1: 687 daAuts
     D:5: 362 daAuts
